Map: King's Cove LE

Players

Clem - Winner!

  • Race: Terran Terran
  • League: Grandmaster
  • Spawn Location: 5:00

InZaNe

  • Race: Terran Terran
  • League: Grandmaster
  • Spawn Location: 11:00

Event: HomeStory Cup XIX

VOD

Have the link to the VOD?

Description

Time

  • Played on: June 27, 2019, 11:22 a.m.
  • Length: 7:32

All games in this series

Show
View Real Time Build Order
Export as new Build Order

Clem Terran - Winner!

Build Orders:  

Get SALT Encoding   

  12  0:00  SCV  
  13  0:13  SCV  
  14  0:17  Supply Depot  
  14  0:25  SCV  
  15  0:28  Refinery  
  15  0:39  SCV  
  16  0:45  Barracks  
  16  0:51  SCV  
  16  0:56  Refinery  
  17  1:03  SCV  
  18  1:15  SCV  
  19  1:32  Orbital Command  
  19  1:33  Factory  
  19  1:36  Reaper  
  20  1:45  Supply Depot  
  20  1:57  SCV  
  21  2:08  Reaper  
  21  2:09  SCV  
  23  2:17  Hellion  
  26  2:28  Command Center  
  25  2:39  Starport  
  25  2:42  Factory Tech Lab, Barracks Reactor  
  25  2:44  SCV  
  26  2:51  Supply Depot  
  26  2:57  SCV  
  27  3:02  Siege Tank  
  30  3:12  SCV  
  31  3:18  Medivac  
  31  3:19  Marine  
  34  3:21  Marine  
  34  3:24  SCV  
  36  3:37  Marine  
  36  3:39  Marine  
  38  3:44  Factory Tech Lab  
  38  3:45  Orbital Command  
  39  3:48  SCV  
  39  3:54  Marine  
  40  3:57  Marine  
  40  4:00  Raven  
  40  4:01  SCV  
  44  4:09  Supply Depot  
  44  4:10  SCV  
  44  4:13  SCV  
  44  4:14  Marine x2  
  44  4:16  Refinery  
  48  4:22  Siege Tank  
  48  4:24  SCV  
  52  4:25  SCV  
  53  4:32  Supply Depot  
  53  4:36  SCV  
  53  4:37  SCV  
  51  4:43  Marine x2  
  51  4:48  SCV  
  51  4:49  SCV  
  51  4:54  Raven  
  53  5:00  SCV  
  53  5:01  Marine x2, SCV  
  57  5:12  Siege Tank, SCV  
  57  5:14  SCV  
  62  5:19  Marine x2  
  59  5:21  Command Center  
  59  5:24  SCV  
  59  5:25  Refinery  
  59  5:26  SCV  
  61  5:30  Supply Depot  
  61  5:36  SCV  
  61  5:38  SCV  
  63  5:44  Viking x2  
  63  5:46  Supply Depot  
  63  5:47  Siege Tank  
  70  5:52  Marine, SCV x2  
  72  6:04  SCV x2  
  72  6:07  Supply Depot  
  72  6:10  Marine  
  75  6:12  Engineering Bay  
  75  6:13  Viking, Engineering Bay  
  75  6:17  Viking  
  79  6:24  Siege Tank  
  82  6:28  SCV  
  82  6:29  SCV, Supply Depot  
  82  6:31  Marine  
  85  6:44  SCV  
  85  6:45  Supply Depot  
  85  6:50  Viking  
  85  6:52  Orbital Command  
  87  6:56  Viking  
  89  7:02  SCV x2  
  89  7:07  Marine  
  91  7:14  SCV  
  91  7:15  SCV  
  94  7:19  SCV  
Show
View Real Time Build Order
Export as new Build Order

InZaNe Terran 

Build Orders:  

Get SALT Encoding   

  12  0:00  SCV  
  13  0:12  SCV  
  14  0:18  Supply Depot  
  14  0:24  SCV  
  15  0:31  Refinery  
  15  0:39  SCV  
  16  0:45  Barracks  
  16  0:51  SCV  
  16  0:56  Refinery  
  17  1:04  SCV  
  18  1:16  SCV  
  19  1:33  Orbital Command, Factory  
  19  1:37  Reaper  
  20  1:46  Supply Depot  
  20  1:59  SCV  
  21  2:09  Reaper  
  21  2:11  SCV  
  23  2:18  Hellion  
  25  2:27  SCV  
  26  2:40  Command Center, Hellion  
  26  2:41  Reaper  
  29  2:50  Starport  
  29  2:53  SCV  
  30  2:59  Supply Depot  
  30  3:03  Factory Tech Lab  
  30  3:06  SCV  
  30  3:18  SCV  
  31  3:20  Barracks Tech Lab  
  31  3:25  Cyclone  
  34  3:30  SCV  
  34  3:31  Refinery  
  35  3:42  SCV  
  35  3:43  Raven  
  38  3:52  Orbital Command  
  38  3:54  SCV  
  39  3:57  Cyclone  
  42  4:06  SCV  
  43  4:15  Barracks Reactor, Supply Depot  
  43  4:18  SCV x2  
  45  4:28  Raven  
  45  4:30  SCV x2  
  43  4:39  Cyclone  
  43  4:42  SCV  
  43  4:43  SCV  
  44  4:52  Marine x2  
  46  4:54  SCV  
  46  4:55  SCV  
  44  5:06  SCV  
  44  5:07  SCV  
  44  5:10  Marine x2  
  44  5:11  Viking  
  47  5:19  SCV x2  
  48  5:23  Siege Tank  
  53  5:31  SCV x2  
  53  5:34  Supply Depot  
  55  5:38  Command Center  
  53  5:43  SCV  
  53  5:44  SCV  
  53  5:46  Engineering Bay  
  53  5:47  Engineering Bay  
  55  5:55  Viking x2, SCV  
  55  5:56  SCV  
  61  6:02  Siege Tank  
  64  6:07  Refinery  
  64  6:08  SCV x2  
  64  6:09  Marine  
  64  6:20  SCV x2  
  66  6:27  Marine  
  66  6:32  SCV x2  
  69  6:44  SCV  
  70  6:49  Viking x2  
  70  6:50  SCV, Supply Depot x2  
  75  6:54  Barracks x2  
  75  6:56  SCV  
  76  7:02  SCV  
  76  7:10  SCV x2  
  76  7:14  SCV  
Tags
 
Add a new tag
Caveats
  • Supply blocks, unpowered buildings, or Contaminate may cause inaccurate times.
  • Supply counts are checked every 10 seconds.